puck, lawful female human Valkyrie ------ ----- |....| |...| |.``.----...| |....I......| |..--->---..| |---------.--- |....^<|.....| |(.----|.....| --.| |.....| |.-----.....| |...........| |..---------- ---- puck the Skirmisher Experience level: 5 Strength: 21 Dexterity: 11 Constitution: 18 Intelligence: 9 Wisdom: 8 Charisma: 7 Health: 0(40) Energy: 6(6) Def: 7 Gold: 0 Moves: 2013 Dungeon seed: g9B-UixgC-zRPlz9 Game ID: puck_1559410157 Your Inventory: Weapons a - an uncursed +1 long sword (weapon in hand) b - an uncursed +0 dagger (in quiver) Armor e - an uncursed +3 small shield (being worn) n - an uncursed +0 studded leather armor (being worn) r - an uncursed +0 orcish cloak (being worn) Comestibles c - 10 uncursed food rations z - an uncursed tripe ration Scrolls B - a blessed scroll of earth Wands v - an uncursed wand of sleep (0:2) Tools d - an uncursed oil lamp (0:1436) Gems q - an uncursed worthless piece of red glass Spells and supernatural/magical abilities: Name Level Category Cost Memory W - pray for help -- divine ? -- Your skills at the end: Fighting Skills wands [Basic] Weapon Skills dagger [Basic] long sword [Basic] Spellcasting Skills Final Attributes: You were piously aligned. You were immune to cold. You were poison resistant. You were blinded. You were stealthy. Tyr was noncommittal. You are dead. Vanquished creatures: a raven an ape a soldier ant 2 Uruk-hai an orc shaman a yellow light a red naga hatchling a gray ooze 3 giant ants a homunculus an iguana 4 cave spiders a yellow mold a gnome a gnome zombie 4 geckos a jackal a fox a goblin 2 sewer rats a lichen 31 creatures vanquished. Genocided species: elf mummies 0 species genocided by you, 1 by monsters Voluntary challenges: You were an atheist. You used a wielded weapon 44 times, starting on turn 74. You read items or engraved 5 times, starting on turn 1097. You never genocided any monsters. You never polymorphed an object. You never changed form. You used no wishes. You never split a pudding. You wrote Elbereth's name 4 times, starting on turn 1097. You never violated your personal moral code. Dungeon overview: The Dungeons of Doom: levels 1 to 9 Level 1 a fountain a long staircase Level 2 a sink Level 3 Level 4 a vault Level 5 Level 6 a sink Level 7 Level 8 many fountains Level 9 a fountain stairs to Sokoban Sokoban: Level 8 <- You were here Unsolved stairs to The Dungeons of Doom History has recorded: On T:1 you entered the Dungeons of Doom to retrieve the Amulet of Yendor! On T:137 you reached level 2 of The Dungeons of Doom. On T:180 you reached level 3 of The Dungeons of Doom. On T:311 you reached level 4 of The Dungeons of Doom. On T:530 you reached level 5 of The Dungeons of Doom. On T:552 you reached level 6 of The Dungeons of Doom. On T:672 you advanced to experience level 2. On T:715 you reached level 7 of The Dungeons of Doom. On T:854 you advanced to experience level 3. On T:1009 you reached level 8 of The Dungeons of Doom. On T:1191 you advanced to experience level 4. On T:1254 you reached level 9 of The Dungeons of Doom. On T:1319 you reached level 4 of Sokoban. On T:1400 you advanced to experience level 5. On T:1999 you let an Uruk-hai genocide elf mummies. Score breakdown: Gold: 0 ( 0 points) Experience: 5 levels (11141 points) Exploration: 9 levels ( 17.31%) (11881 points) Discoveries: 2 items ( 0.80%) ( 2683 points) Valuables value: (no points given unless you survive) Artifact value: 0 ( 0 points) Variety of kills: 21 monsters ( 5.53%) ( 7052 points) Turncount: 2013 turns ( -10 points) Survival: died (score multiplied by 80%) Total score: 26197 Latest messages: You kill it! You attack thin air. You sense a monster nearby! There's still a monster there. (2x) It hits! You hit it. (2x) It hits! You kill it! You attack thin air. You sense a monster nearby! It hits! You miss it. (2x) It hits! You hit it. (2x) It hits! You are hit! Lightning strikes you! Your wand of sleep emits a spark! Valkyrie is about to die. You are only slightly poisoned. You die... Final status: Farvel puck the Valkyrie, poisoned by an orcish arrow of lightning... You died in Sokoban on dungeon level 8 with 26197 points, and 0 pieces of gold, after 2013 moves. You were level 5 with a maximum of 40 hit points when you died.